[Event "Netanya Open 2019"]
[Site "Netanya"]
[Date "2019.07.01"]
[Round "8.54"]
[White "Tal-Shahar, Liam"]
[Black "Brenner, Moshe"]
[Result "0-1"]
[WhiteElo "1623"]
[BlackElo "2098"]
[PlyCount "56"]
[EventDate "2019.06.23"]
[EventType "swiss"]
[EventRounds "9"]
[EventCountry "ISR"]
[TimeControl "40/5400+30:1800+30"]

1. e4 c5 2. Nf3 Nc6 3. d4 cxd4 4. Nxd4 g6 5. Nc3 Bg7 6. Be3 Nf6 7. f3 O-O 8. Qd2 d5 9. Nxc6 bxc6 10. O-O-O Be6 11. Bh6 Qc7 12. h4 dxe4 13. Bxg7 Kxg7 14. Nxe4 Nxe4 15. fxe4 f6 16. Be2 Rab8 17. a3 Rb6 18. g4 Rfb8 19. b4 c5 20. b5 Qe5 21. c3 c4 22. a4 a6 23. g5 axb5 24. gxf6+ exf6 25. a5 Ra6 26. Rdg1 Rxa5 27. h5 Rba8 28. Qc2 Ra1+ 0-1

[Event "Netanya Open 2019"]
[Site "Netanya"]
[Date "2019.07.01"]
[Round "8.55"]
[White "Yusupoff, Yoav"]
[Black "Cohen, Elad"]
[Result "1-0"]
[WhiteElo "1874"]
[BlackElo "1999"]
[PlyCount "61"]
[EventDate "2019.06.23"]
[EventType "swiss"]
[EventRounds "9"]
[EventCountry "ISR"]
[TimeControl "40/5400+30:1800+30"]

1. c4 Nf6 2. Nc3 e5 3. Nf3 Nc6 4. e4 Bb4 5. d3 d6 6. a3 Bxc3+ 7. bxc3 O-O 8. Be2 Ne7 9. Nh4 c6 10. f4 Qb6 11. f5 d5 12. Bg5 dxe4 13. Bxf6 gxf6 14. dxe4 Qe3 15. Qd3 Qxd3 16. Bxd3 c5 17. Nf3 b6 18. g4 h6 19. h4 Kg7 20. Ke2 Ba6 21. g5 Rad8 22. Nxe5 Nxf5 23. gxf6+ Kh7 24. Rag1 Bb7 25. Rh3 Rfe8 26. Nxf7 Rd7 27. e5 Rxf7 28. Bxf5+ Kh8 29. Re3 Rff8 30. Rg7 Ba6 31. Rh7+ 1-0

[Event "Netanya Open 2019"]
[Site "Netanya"]
[Date "2019.07.01"]
[Round "8.56"]
[White "Regenbogen, Yoseph"]
[Black "Stolyarsky, Yegor"]
[Result "0-1"]
[WhiteElo "1806"]
[BlackElo "2017"]
[PlyCount "60"]
[EventDate "2019.06.23"]
[EventType "swiss"]
[EventRounds "9"]
[EventCountry "ISR"]
[TimeControl "40/5400+30:1800+30"]

1. c4 Nf6 2. Nc3 g6 3. Nf3 Bg7 4. g3 O-O 5. Bg2 d6 6. O-O e5 7. d3 Nc6 8. Bg5 h6 9. Bd2 Bg4 10. h3 Be6 11. Kh2 e4 12. Nxe4 Nxe4 13. dxe4 Bxc4 14. Bc3 Bxc3 15. bxc3 Qf6 16. Qd2 Kh7 17. Nd4 Ne5 18. Rab1 Ba6 19. Qf4 Qe7 20. Rfe1 Nc4 21. Rb4 c5 22. Rxc4 Bxc4 23. Nf5 gxf5 24. exf5 d5 25. f6 Qe6 26. e4 Rg8 27. h4 Rg4 28. exd5 Rxf4 29. dxe6 Rxf6 30. e7 Re6 0-1

[Event "Netanya Open 2019"]
[Site "Netanya"]
[Date "2019.07.01"]
[Round "8.57"]
[White "Lazebnikov, Efim"]
[Black "Sherman, Reem"]
[Result "0-1"]
[WhiteElo "1444"]
[BlackElo "1951"]
[PlyCount "102"]
[EventDate "2019.06.23"]
[EventType "swiss"]
[EventRounds "9"]
[EventCountry "ISR"]
[TimeControl "40/5400+30:1800+30"]

1. b3 e5 2. Bb2 Nc6 3. a3 d5 4. e3 a6 5. g3 Be6 6. Bg2 Qd7 7. Ne2 h5 8. h4 Nf6 9. Nbc3 Bd6 10. e4 d4 11. Nd5 Be7 12. Nxf6+ Bxf6 13. d3 g6 14. Qd2 Bg7 15. Ng1 Bh6 16. Qe2 Qd6 17. Bh3 a5 18. Bxe6 Qxe6 19. Nh3 a4 20. b4 Qd6 21. Bc1 Bxc1 22. Rxc1 Na7 23. c4 dxc3 24. Rxc3 Nb5 25. Rc5 Nd4 26. Qd1 c6 27. f4 exf4 28. Nxf4 b6 29. Rc4 O-O 30. O-O Rad8 31. Kg2 Qe5 32. Ne2 Nxe2 33. Qxe2 Rd6 34. Rf3 b5 35. Rc5 Qa1 36. Qd2 Qxa3 37. e5 Rd4 38. e6 Qxb4 39. exf7+ Rxf7 40. Qxb4 Rxb4 41. Rxc6 Rb2+ 42. Kh3 Rxf3 43. Rxg6+ Kh7 44. Rg5 a3 45. Rxh5+ Kg6 46. Rc5 a2 47. Rc6+ Kg7 48. Ra6 Rf1 49. Ra7+ Kf6 50. Ra6+ Ke5 51. d4+ Kd5 0-1

[Event "Netanya Open 2019"]
[Site "Netanya"]
[Date "2019.07.01"]
[Round "8.58"]
[White "Kinberg, Ofer"]
[Black "Reches, Omer"]
[Result "0-1"]
[WhiteElo "1962"]
[BlackElo "1720"]
[PlyCount "62"]
[EventDate "2019.06.23"]
[EventType "swiss"]
[EventRounds "9"]
[EventCountry "ISR"]
[TimeControl "40/5400+30:1800+30"]

1. e4 c5 2. Nf3 e6 3. d4 cxd4 4. Nxd4 Nc6 5. Nb5 d6 6. c4 a6 7. N5a3 Nf6 8. Nc3 g6 9. Be2 Bg7 10. O-O O-O 11. Be3 Qc7 12. f3 Re8 13. Qd2 b6 14. Rfd1 Bf8 15. Rac1 Bb7 16. Nd5 exd5 17. cxd5 Qe7 18. dxc6 Bc8 19. Nc4 b5 20. Nxd6 Rd8 21. Nxc8 Raxc8 22. Qa5 Rxd1+ 23. Bxd1 Nd5 24. Bd2 Qa7+ 25. Kh1 Qf2 26. Bb3 Rxc6 27. Rd1 Ne3 28. Bxe3 Qxe3 29. Qd8 Rd6 30. Qa5 Rxd1+ 31. Bxd1 Bc5 0-1

[Event "Netanya Open 2019"]
[Site "Netanya"]
[Date "2019.07.01"]
[Round "8.59"]
[White "Leib, Daniel"]
[Black "Smoliar, Klim"]
[Result "1-0"]
[WhiteElo "1897"]
[BlackElo "1871"]
[PlyCount "77"]
[EventDate "2019.06.23"]
[EventType "swiss"]
[EventRounds "9"]
[EventCountry "ISR"]
[TimeControl "40/5400+30:1800+30"]

1. e4 c5 2. Nf3 d6 3. d4 cxd4 4. Nxd4 Nf6 5. Nc3 Bd7 6. Be3 e5 7. Nb3 Be7 8. Qd2 Be6 9. f3 O-O 10. O-O-O a5 11. Kb1 Na6 12. Nd5 Nxd5 13. exd5 Bd7 14. Qxa5 Qe8 15. Qd2 f5 16. f4 e4 17. Be2 Bf6 18. h3 Rc8 19. g4 g6 20. g5 Bg7 21. h4 Qe7 22. h5 Be8 23. hxg6 hxg6 24. Rh3 Bf7 25. Rdh1 Nc7 26. Bd4 Bxd5 27. Rh8+ Bxh8 28. Rxh8+ Kf7 29. Rh7+ Ke8 30. Rxe7+ Kxe7 31. Bf6+ Kd7 32. Nd4 Ra8 33. a3 e3 34. Qxe3 Rae8 35. Qd2 Ra8 36. Nb5 Nxb5 37. Bxb5+ Ke6 38. Bd7+ Kxd7 39. Qxd5 1-0

[Event "Netanya Open 2019"]
[Site "Netanya"]
[Date "2019.07.01"]
[Round "8.60"]
[White "Kopaloff, Liam"]
[Black "Sheinkman, Lidan"]
[Result "0-1"]
[WhiteElo "1545"]
[BlackElo "1863"]
[PlyCount "66"]
[EventDate "2019.06.23"]
[EventType "swiss"]
[EventRounds "9"]
[EventCountry "ISR"]
[TimeControl "40/5400+30:1800+30"]

1. d4 Nf6 2. c4 e5 3. dxe5 Ng4 4. Bf4 Nc6 5. Nf3 Bb4+ 6. Nc3 Qe7 7. Qd5 Bxc3+ 8. bxc3 f6 9. exf6 Nxf6 10. Qd3 d6 11. e3 O-O 12. Be2 Be6 13. Nd4 Ne5 14. Bxe5 dxe5 15. Nxe6 Qxe6 16. O-O Rfd8 17. Qc2 Nd7 18. Rfd1 Nc5 19. Rab1 b6 20. Rd2 a5 21. Bf3 e4 22. Be2 Qf6 23. Rd4 Rf8 24. f4 exf3 25. Bxf3 Rae8 26. e4 Qg5 27. Kh1 Qe3 28. Qc1 Rxf3 29. gxf3 Qxf3+ 30. Kg1 Re6 31. Rd5 Nxe4 32. Rd8+ Kf7 33. Rd7+ Kf8 0-1

[Event "Netanya Open 2019"]
[Site "Netanya"]
[Date "2019.07.01"]
[Round "8.61"]
[White "Fudim, Ariel"]
[Black "Segev, Ido"]
[Result "1-0"]
[WhiteElo "1768"]
[BlackElo "1382"]
[PlyCount "77"]
[EventDate "2019.06.23"]
[EventType "swiss"]
[EventRounds "9"]
[EventCountry "ISR"]
[TimeControl "40/5400+30:1800+30"]

1. d4 g6 2. c4 Bg7 3. Nc3 c5 4. d5 Bxc3+ 5. bxc3 f5 6. Nf3 d6 7. g3 Qa5 8. Qb3 Bd7 9. Bb2 b5 10. cxb5 Bxb5 11. e3 Bd7 12. Nd2 Nf6 13. c4 Ne4 14. Qd3 Qxd2+ 15. Qxd2 Nxd2 16. Bxh8 Ne4 17. f3 Ng5 18. Kf2 Na6 19. a3 Rb8 20. Be2 Kf7 21. Bc3 Rb3 22. h4 Nxf3 23. Kxf3 Rxc3 24. Rhb1 Bc8 25. Rc1 Rb3 26. Bd1 Rb2 27. Rc2 Rb3 28. Ke2 Nc7 29. Kd2 Ba6 30. Rca2 Rb8 31. Kc3 e6 32. dxe6+ Kxe6 33. Bf3 Ke5 34. Rd2 Ne6 35. Rd5+ Kf6 36. Rxd6 Bc8 37. Bd5 Ke5 38. Rc6 Bb7 39. Rxe6# 1-0

[Event "Netanya Open 2019"]
[Site "Netanya"]
[Date "2019.07.01"]
[Round "8.62"]
[White "Fudim, Basya"]
[Black "Sobel, Ido"]
[Result "0-1"]
[WhiteElo "1332"]
[BlackElo "1606"]
[PlyCount "54"]
[EventDate "2019.06.23"]
[EventType "swiss"]
[EventRounds "9"]
[EventCountry "ISR"]
[TimeControl "40/5400+30:1800+30"]

1. d4 e6 2. Bf4 d5 3. Nf3 Nf6 4. e3 c5 5. c3 Nc6 6. Bd3 Qb6 7. b3 Bd7 8. O-O Rc8 9. Re1 Qa5 10. dxc5 Qxc5 11. c4 Be7 12. Bf1 dxc4 13. Bxc4 b5 14. Bf1 Nd5 15. Bg5 Bxg5 16. Nxg5 Nf6 17. Nf3 e5 18. a4 bxa4 19. bxa4 O-O 20. Na3 Rfd8 21. Bc4 Na5 22. Bf1 Bg4 23. Qe2 e4 24. h3 exf3 25. gxf3 Bf5 26. Bg2 Nb3 27. Ra2 Nc1 0-1

[Event "Netanya Open 2019"]
[Site "Netanya"]
[Date "2019.07.01"]
[Round "8.63"]
[White "Scheinfeild, Michael"]
[Black "Mendler, Omer"]
[Result "1-0"]
[WhiteElo "1582"]
[BlackElo "1231"]
[PlyCount "53"]
[EventDate "2019.06.23"]
[EventType "swiss"]
[EventRounds "9"]
[EventCountry "ISR"]
[TimeControl "40/5400+30:1800+30"]

1. e4 e5 2. f4 exf4 3. Nf3 Be7 4. Bc4 Bh4+ 5. Kf1 d6 6. d4 Bg4 7. Bxf4 Nc6 8. c3 Bh5 9. Nbd2 g5 10. Bg3 Bxg3 11. hxg3 Nf6 12. b4 Qe7 13. b5 Na5 14. Bd3 O-O-O 15. Qa4 b6 16. e5 dxe5 17. Bf5+ Kb8 18. Nxe5 Bg6 19. Ndc4 Bxf5 20. Nxa5 Bd3+ 21. Kg1 Bxb5 22. Nac6+ Kc8 23. Nxe7+ Kb8 24. Qxb5 Rhf8 25. N5c6+ Ka8 26. Qa6 Rxd4 27. Qxa7# 1-0

[Event "Netanya Open 2019"]
[Site "Netanya"]
[Date "2019.07.01"]
[Round "8.64"]
[White "Schnaidman, Itzhak"]
[Black "Sivan, Guy"]
[Result "1-0"]
[WhiteElo "1474"]
[BlackElo "1246"]
[PlyCount "95"]
[EventDate "2019.06.23"]
[EventType "swiss"]
[EventRounds "9"]
[EventCountry "ISR"]
[TimeControl "40/5400+30:1800+30"]

1. d4 Nf6 2. c4 g6 3. Nc3 Bg7 4. e4 d6 5. Nf3 O-O 6. Be2 e5 7. O-O a5 8. Bg5 h6 9. Bxf6 Qxf6 10. dxe5 dxe5 11. Nd5 Qd8 12. Qc1 Nd7 13. Rd1 c6 14. Ne3 Qb6 15. Rd6 Qc5 16. Qd2 Rd8 17. Rd1 Bf8 18. Rd3 Re8 19. Ng4 h5 20. Nh6+ Kg7 21. Nf5+ Kh7 22. Ng5+ Kg8 23. Nd6 Bxd6 24. Rxd6 Nb6 25. b3 Kg7 26. Rd3 f6 27. Nf3 Be6 28. Nh4 Qe7 29. Rg3 g5 30. Nf5+ Bxf5 31. exf5 Rad8 32. Rd3 Rxd3 33. Qxd3 h4 34. Qd6 Qf7 35. Qc5 Qc7 36. Qxa5 Ra8 37. Qd2 Qe7 38. Bf3 Qa3 39. h3 Qxa2 40. Qxa2 Rxa2 41. c5 Nd5 42. Bxd5 cxd5 43. Rxd5 Kf8 44. Rd7 Ra1+ 45. Kh2 Ra2 46. Rxb7 Rxf2 47. c6 Ke8 48. Rb8+ 1-0

[Event "Netanya Open 2019"]
[Site "Netanya"]
[Date "2019.07.01"]
[Round "8.65"]
[White "Kinberg, Raz"]
[Black "Khairova, Evelina"]
[Result "1-0"]
[WhiteElo "1385"]
[BlackElo "1501"]
[PlyCount "49"]
[EventDate "2019.06.23"]
[EventType "swiss"]
[EventRounds "9"]
[EventCountry "ISR"]
[TimeControl "40/5400+30:1800+30"]

1. e4 e6 2. b3 d5 3. Bb2 dxe4 4. Nc3 Nf6 5. g4 h6 6. Bg2 Be7 7. Nxe4 O-O 8. d3 Nc6 9. h3 Bd7 10. Ne2 Re8 11. Qd2 Nxe4 12. Bxe4 Bf6 13. d4 Qe7 14. O-O-O Qd6 15. f4 Qe7 16. Rdg1 g5 17. Kb1 Kh8 18. h4 Kg8 19. hxg5 hxg5 20. Qe3 gxf4 21. Nxf4 Bg7 22. Nh5 Nd8 23. Nxg7 Kxg7 24. Qh6+ Kg8 25. Qh8# 1-0

[Event "Netanya Open 2019"]
[Site "Netanya"]
[Date "2019.07.01"]
[Round "8.66"]
[White "Lomakin, Vladimir"]
[Black "Usha Margolin, Daniel"]
[Result "1-0"]
[WhiteElo "1430"]
[BlackElo "1437"]
[PlyCount "61"]
[EventDate "2019.06.23"]
[EventType "swiss"]
[EventRounds "9"]
[EventCountry "ISR"]
[TimeControl "40/5400+30:1800+30"]

1. e4 e5 2. Nf3 Nc6 3. Bc4 Nf6 4. Nc3 Nxe4 5. Bxf7+ Kxf7 6. Nxe4 d5 7. Nfg5+ Ke8 8. d3 dxe4 9. Nxe4 Bf5 10. Ng3 Bd7 11. O-O Bc5 12. c3 Qf6 13. d4 exd4 14. Qh5+ Qf7 15. Qxc5 Kd8 16. cxd4 h6 17. d5 b6 18. Qc4 Ne7 19. Rd1 Rf8 20. Be3 c6 21. Rac1 Nxd5 22. Qd4 Rc8 23. Ne4 Qe7 24. a4 Re8 25. f3 Rc7 26. Bf2 Kc8 27. Bg3 Rb7 28. Nd6+ Kd8 29. Nxb7+ Kc8 30. Nd6+ Kd8 31. Nxe8 1-0

[Event "Netanya Open 2019"]
[Site "Netanya"]
[Date "2019.07.01"]
[Round "8.67"]
[White "Ben Hemo, Guy"]
[Black "Friedland, Benzi"]
[Result "1-0"]
[WhiteElo "1453"]
[BlackElo "1189"]
[PlyCount "65"]
[EventDate "2019.06.23"]
[EventType "swiss"]
[EventRounds "9"]
[EventCountry "ISR"]
[TimeControl "40/5400+30:1800+30"]

1. e4 d5 2. exd5 Qxd5 3. Nc3 Qa5 4. d4 Bf5 5. Bc4 e6 6. Nf3 Nd7 7. O-O Ngf6 8. Re1 O-O-O 9. Bd2 Bg4 10. h3 Bxf3 11. Qxf3 c6 12. a3 Qc7 13. b4 Nb6 14. Bf1 Rxd4 15. Be3 Rd7 16. b5 Nbd5 17. bxc6 Qxc6 18. Nb5 b6 19. c4 Ne7 20. Be2 Qxf3 21. Bxf3 h6 22. c5 Ned5 23. cxb6 axb6 24. Rec1+ Kb7 25. Rab1 Ka6 26. Rc4 Kb7 27. Bxb6 Kb8 28. Ba7+ Kb7 29. Nd6+ Ka8 30. Bd4 Rb7 31. Nxb7 Be7 32. Nd6 Bd8 33. Ra4+ 1-0

[Event "Netanya Open 2019"]
[Site "Netanya"]
[Date "2019.07.01"]
[Round "8.68"]
[White "Marques, Don"]
[Black "Neeman, Ori"]
[Result "0-1"]
[WhiteElo "1179"]
[BlackElo "1285"]
[PlyCount "92"]
[EventDate "2019.06.23"]
[EventType "swiss"]
[EventRounds "9"]
[EventCountry "ISR"]
[TimeControl "40/5400+30:1800+30"]

1. e4 d5 2. exd5 Qxd5 3. Nc3 Qe5+ 4. Be2 Bg4 5. f3 Bh5 6. d4 Qe6 7. Ne4 Qg6 8. g4 Bxg4 9. Qd3 Bf5 10. Qb5+ Nd7 11. Qxb7 Rb8 12. Qxc7 Bxe4 13. fxe4 Qxe4 14. Nf3 e6 15. Bd2 Bb4 16. Bxb4 Rxb4 17. Qc8+ Ke7 18. Qc3 Qb7 19. b3 Ngf6 20. Qd3 Nd5 21. Qe4 N7f6 22. Qh4 Ne3 23. Kd2 Nf5 24. Qe1 Nxd4 25. Nxd4 Rxd4+ 26. Kc1 Rc8 27. Kb2 Qe4 28. Bd3 Qg2 29. Qe2 Qc6 30. Rac1 Qc3+ 31. Kb1 Nd5 32. Rhd1 Qa5 33. c4 Nc3+ 34. Rxc3 Qxc3 35. Qc2 Qb4 36. Qb2 Rcd8 37. Qc2 a5 38. Kb2 a4 39. a3 Qb7 40. b4 Qf3 41. Kc3 Qf6 42. b5 Rxd3+ 43. Kb4 Rxd1 44. b6 R1d2 45. Qxa4 Rb2+ 46. Ka5 Ra8# 0-1

[Event "Netanya Open 2019"]
[Site "Netanya"]
[Date "2019.07.01"]
[Round "8.69"]
[White "Baran, Yulia"]
[Black "Havakuk, Elad"]
[Result "1-0"]
[ECO "C43"]
[WhiteElo "1344"]
[BlackElo "1350"]
[PlyCount "89"]
[EventDate "2019.06.23"]
[EventType "swiss"]
[EventRounds "9"]
[EventCountry "ISR"]
[TimeControl "40/5400+30:1800+30"]

1. e4 e5 2. Nf3 Nf6 3. d4 exd4 4. e5 Nd5 5. Qxd4 Nb4 6. Qd1 c5 7. a3 N4a6 8. Bc4 Nc6 9. O-O Nc7 10. Nc3 h6 11. Re1 a6 12. Nd5 Be7 13. c3 b5 14. Nxc7+ Qxc7 15. Bd5 Bb7 16. Bf4 g5 17. Bg3 O-O-O 18. Bxf7 h5 19. h3 h4 20. Bh2 Qb6 21. Qe2 Rhf8 22. Bh5 b4 23. c4 Nd4 24. Nxd4 cxd4 25. a4 Qc6 26. Bf3 Qc7 27. Bxb7+ Qxb7 28. b3 Bc5 29. Qd3 Rg8 30. Re4 Rde8 31. Rg4 a5 32. Re1 Qc6 33. Ree4 Qg6 34. f4 Qh6 35. f5 Ref8 36. f6 Qg6 37. Kh1 Kc7 38. Bg1 d6 39. Bxd4 Bxd4 40. Qxd4 dxe5 41. Qxe5+ Kc8 42. Qe6+ Kc7 43. Qe7+ Kc8 44. Qc5+ Kd7 45. Re7+ 1-0

[Event "Netanya Open 2019"]
[Site "Netanya"]
[Date "2019.07.02"]
[Round "9.1"]
[White "Antipov, Mikhail Al."]
[Black "Baron, Tal"]
[Result "1/2-1/2"]
[ECO "B66"]
[WhiteElo "2582"]
[BlackElo "2524"]
[Annotator "ChessBase"]
[PlyCount "20"]
[EventDate "2019.06.23"]
[EventType "swiss"]
[EventCountry "ISR"]
[SourceTitle "playchess.com"]
[Source "ChessBase"]
[SourceQuality "1"]
[TimeControl "40/5400+30:1800+30"]

1. e4 c5 2. Nf3 d6 3. d4 cxd4 4. Nxd4 Nf6 5. Nc3 Nc6 6. Bg5 e6 7. Qd2 a6 8. O-O-O Be7 9. Bxf6 gxf6 10. f4 Bd7 1/2-1/2

[Event "Netanya Open 2019"]
[Site "Netanya"]
[Date "2019.07.02"]
[Round "9.4"]
[White "Sivuk, Vitaly"]
[Black "Parligras, Mircea-Emilian"]
[Result "1/2-1/2"]
[ECO "A36"]
[WhiteElo "2547"]
[BlackElo "2638"]
[Annotator "RC"]
[PlyCount "68"]
[EventDate "2019.06.23"]
[EventType "swiss"]
[EventCountry "ISR"]
[SourceTitle "playchess.com"]
[Source "ChessBase"]
[SourceQuality "1"]
[TimeControl "40/5400+30:1800+30"]

1. c4 c5 2. Nc3 Nc6 3. g3 g6 4. Bg2 Bg7 5. b3 e5 6. Bb2 Nge7 7. e3 d6 8. Nge2 O-O 9. d3 Bf5 10. O-O Qd7 11. Qd2 Bh3 12. Nd5 Bxg2 13. Kxg2 Rae8 14. Nxe7+ Nxe7 15. e4 f5 16. f3 Rf7 17. b4 Ref8 18. b5 h5 19. Rae1 h4 20. Ng1 hxg3 21. hxg3 f4 22. g4 Bf6 23. Ne2 Bh4 24. Ra1 Rh7 25. Rh1 Kf7 26. Rh3 Rfh8 27. Rah1 g5 28. Nc3 Ng6 29. Nd5 b6 30. Bc3 Ke6 31. Kf1 Bg3 32. Rxh7 Rxh7 33. Rxh7 Qxh7 34. Qg2 Ne7 1/2-1/2

[Event "Netanya Open 2019"]
[Site "Netanya"]
[Date "2019.07.02"]
[Round "9.5"]
[White "Dvoirys, Semen I."]
[Black "Efimenko, Zahar"]
[Result "1/2-1/2"]
[ECO "B06"]
[WhiteElo "2502"]
[BlackElo "2632"]
[Annotator "RC"]
[PlyCount "26"]
[EventDate "2019.06.23"]
[EventType "swiss"]
[EventCountry "ISR"]
[SourceTitle "playchess.com"]
[Source "ChessBase"]
[SourceQuality "1"]
[TimeControl "40/5400+30:1800+30"]

1. e4 g6 2. d4 Bg7 3. Nc3 d6 4. Be3 a6 5. Qd2 b5 6. Nge2 Nd7 7. d5 Ne5 8. Nd4 Bd7 9. f4 c5 10. dxc6 Nxc6 11. Nd5 Rb8 12. Be2 Nf6 13. Bf3 O-O 1/2-1/2

[Event "Netanya Open 2019"]
[Site "Netanya"]
[Date "2019.07.02"]
[Round "9.7"]
[White "Mikhalevski, Victor"]
[Black "Shubin, Kirill"]
[Result "1-0"]
[ECO "E12"]
[WhiteElo "2579"]
[BlackElo "2426"]
[Annotator "ChessBase"]
[PlyCount "51"]
[EventDate "2019.06.23"]
[EventType "swiss"]
[EventCountry "ISR"]
[SourceTitle "playchess.com"]
[Source "ChessBase"]
[SourceQuality "1"]
[TimeControl "40/5400+30:1800+30"]

1. d4 e6 2. c4 Nf6 3. Nf3 b6 4. Nc3 Bb7 5. a3 Ne4 6. Nxe4 Bxe4 7. Bf4 d6 8. e3 Be7 9. Bd3 Bb7 10. Qc2 Nd7 11. Bg3 Bf6 12. Rd1 Qe7 13. b4 h5 14. c5 bxc5 15. dxc5 Bxf3 16. gxf3 e5 17. Bb5 O-O 18. Qf5 Nxc5 19. bxc5 h4 20. Bc4 Rad8 21. f4 Rfe8 22. Qh5 Rb8 23. c6 hxg3 24. hxg3 g6 25. Qh7+ Kf8 26. Rh6 1-0

[Event "Netanya Open 2019"]
[Site "Netanya"]
[Date "2019.07.02"]
[Round "9.8"]
[White "Kantsler, Boris"]
[Black "Svetushkin, Dmitry"]
[Result "1-0"]
[ECO "E48"]
[WhiteElo "2420"]
[BlackElo "2532"]
[Annotator "ChessBase"]
[PlyCount "89"]
[EventDate "2019.06.23"]
[EventType "swiss"]
[EventCountry "ISR"]
[SourceTitle "playchess.com"]
[Source "ChessBase"]
[SourceQuality "1"]
[TimeControl "40/5400+30:1800+30"]

1. d4 Nf6 2. c4 e6 3. Nc3 Bb4 4. e3 O-O 5. Bd3 c5 6. Nge2 d5 7. O-O cxd4 8. exd4 dxc4 9. Bxc4 Nbd7 10. Bg5 Nb6 11. Bb3 Be7 12. Qd3 Bd7 13. Bc2 g6 14. Bb3 Bc6 15. Rfd1 Re8 16. Rac1 Nfd5 17. Bxe7 Rxe7 18. Qg3 a5 19. a3 a4 20. Ba2 Rd7 21. Ne4 Nf6 22. Nc5 Ne4 23. Nxe4 Bxe4 24. Nc3 Bc6 25. Qe5 Bd5 26. Bxd5 Nxd5 27. Ne4 b6 28. Rc4 Rc8 29. Rdc1 Rxc4 30. Rxc4 Qa8 31. h4 h5 32. g4 Qf8 33. gxh5 gxh5 34. Qxh5 f6 35. Kf1 Rg7 36. Rc6 Re7 37. Qg4+ Kh8 38. Rxe6 Qc8 39. Qh5+ Kg7 40. Rxe7+ Nxe7 41. Kg2 Ng6 42. Kh2 Ne7 43. Ng3 Qc2 44. Qe2 Qc7 45. Qxe7+ 1-0

[Event "Netanya Open 2019"]
[Site "Netanya"]
[Date "2019.07.02"]
[Round "9.9"]
[White "Grinberg, Eyal"]
[Black "Krayz, Alexander"]
[Result "1-0"]
[ECO "B05"]
[WhiteElo "2474"]
[BlackElo "2377"]
[Annotator "ChessBase"]
[PlyCount "67"]
[EventDate "2019.06.23"]
[EventType "swiss"]
[EventCountry "ISR"]
[SourceTitle "playchess.com"]
[Source "ChessBase"]
[SourceQuality "1"]
[TimeControl "40/5400+30:1800+30"]

1. e4 Nf6 2. e5 Nd5 3. d4 d6 4. Nf3 Bg4 5. Be2 e6 6. O-O Be7 7. h3 Bh5 8. c4 Nb6 9. Nc3 O-O 10. Be3 N8d7 11. exd6 cxd6 12. b3 Nf6 13. Rc1 Nbd7 14. g4 Bg6 15. Nh4 d5 16. Nxg6 hxg6 17. Bf3 dxc4 18. bxc4 Rc8 19. c5 b6 20. c6 Nb8 21. d5 Nxd5 22. Nxd5 exd5 23. Bxd5 Na6 24. Qf3 Bg5 25. Rcd1 Qe7 26. Bd4 Rfd8 27. Rfe1 Qf8 28. Be5 Nc7 29. Bb3 Re8 30. Rd7 Ne6 31. Bd6 Be7 32. Rxe7 Rxe7 33. Bxe6 Rce8 34. c7 1-0

[Event "Netanya Open 2019"]
[Site "Netanya"]
[Date "2019.07.02"]
[Round "9.10"]
[White "Gorshtein, Ido"]
[Black "Erenberg, Ariel"]
[Result "0-1"]
[ECO "C77"]
[WhiteElo "2367"]
[BlackElo "2434"]
[Annotator "NA"]
[PlyCount "80"]
[EventDate "2019.06.23"]
[EventType "swiss"]
[EventCountry "ISR"]
[SourceTitle "playchess.com"]
[Source "ChessBase"]
[SourceQuality "1"]
[TimeControl "40/5400+30:1800+30"]

1. e4 e5 2. Nf3 Nc6 3. Bb5 a6 4. Ba4 Nf6 5. Nc3 b5 6. Bb3 Be7 7. d3 d6 8. a3 O-O 9. O-O Na5 10. Ba2 Be6 11. d4 Bxa2 12. Rxa2 Re8 13. Re1 h6 14. d5 Rc8 15. b4 Nc4 16. Qd3 c6 17. a4 cxd5 18. exd5 Qd7 19. Nd2 Rc7 20. axb5 axb5 21. Nxc4 Rxc4 22. Nxb5 Qxb5 23. Ra5 e4 24. Qe2 Qxb4 25. Bd2 Rc3 26. Rb5 Qc4 27. Bxc3 Qxc3 28. Rb3 Qc5 29. c4 Rc8 30. Rc1 Qxd5 31. Rb8 Qc5 32. Rxc8+ Qxc8 33. Rd1 Qc5 34. h3 h5 35. Rd2 g6 36. Rd1 Kg7 37. Kh1 h4 38. Kg1 Bd8 39. Rb1 Bb6 40. Kf1 Qd4 0-1

[Event "Netanya Open 2019"]
[Site "Netanya"]
[Date "2019.07.02"]
[Round "9.12"]
[White "Bronstein, Or"]
[Black "Huzman, Alexander"]
[Result "1/2-1/2"]
[ECO "E11"]
[WhiteElo "2378"]
[BlackElo "2588"]
[Annotator "ChessBase"]
[PlyCount "62"]
[EventDate "2019.06.23"]
[EventType "swiss"]
[EventCountry "ISR"]
[SourceTitle "playchess.com"]
[Source "ChessBase"]
[SourceQuality "1"]
[TimeControl "40/5400+30:1800+30"]

1. d4 Nf6 2. c4 e6 3. Nf3 Bb4+ 4. Bd2 Qe7 5. g3 Nc6 6. a3 Bxd2+ 7. Qxd2 d5 8. Bg2 dxc4 9. Qc3 O-O 10. Nbd2 Rd8 11. Nxc4 Nd5 12. Qc2 Nb6 13. Rd1 Nxc4 14. Qxc4 Bd7 15. O-O Be8 16. Rc1 a5 17. e3 Rdc8 18. Qc5 Rab8 19. Nd2 b6 20. Qxe7 Nxe7 21. Nc4 f6 22. Rfd1 Rd8 23. e4 Ba4 24. Rd2 Bb5 25. Bh3 Kf7 26. Bf1 Bxc4 27. Bxc4 c5 28. f4 Nc6 29. d5 exd5 30. Rxd5 Ke7 31. Kf2 Rxd5 1/2-1/2

[Event "Netanya Open 2019"]
[Site "Netanya"]
[Date "2019.07.02"]
[Round "9.13"]
[White "Parkhov, Yair"]
[Black "Rechlis, Gad"]
[Result "1-0"]
[ECO "E70"]
[WhiteElo "2354"]
[BlackElo "2506"]
[Annotator "ChessBase"]
[PlyCount "39"]
[EventDate "2019.06.23"]
[EventType "swiss"]
[EventCountry "ISR"]
[SourceTitle "playchess.com"]
[Source "ChessBase"]
[SourceQuality "1"]
[TimeControl "40/5400+30:1800+30"]

1. d4 Nf6 2. c4 g6 3. Nc3 Bg7 4. e4 O-O 5. Be3 c6 6. e5 Ne8 7. f4 d6 8. Nf3 f6 9. exd6 exd6 10. Bd3 f5 11. O-O Nf6 12. Kh1 Re8 13. Re1 Na6 14. Qb3 Qb6 15. Qxb6 axb6 16. Bg1 Be6 17. a3 d5 18. Bf1 Nc7 19. Ng5 Rad8 20. Na4 1-0

[Event "Netanya Open 2019"]
[Site "Netanya"]
[Date "2019.07.02"]
[Round "9.14"]
[White "Zanan, Evgeny"]
[Black "Sivan, Yaacov"]
[Result "1/2-1/2"]
[ECO "B38"]
[WhiteElo "2505"]
[BlackElo "2320"]
[Annotator "ChessBase"]
[PlyCount "73"]
[EventDate "2019.06.23"]
[EventType "swiss"]
[EventCountry "ISR"]
[SourceTitle "playchess.com"]
[Source "ChessBase"]
[SourceQuality "1"]
[TimeControl "40/5400+30:1800+30"]

1. e4 c5 2. Nf3 Nc6 3. d4 cxd4 4. Nxd4 g6 5. c4 Bg7 6. Be3 Nf6 7. Nc3 O-O 8. Be2 d6 9. f3 a5 10. b3 Nd7 11. Ndb5 Nc5 12. Rc1 a4 13. O-O axb3 14. axb3 f5 15. exf5 Bxf5 16. g4 Be6 17. Nd5 Ra2 18. b4 Bxd5 19. Qxd5+ e6 20. Qxd6 Qxd6 21. Nxd6 Rxe2 22. Bxc5 Ne5 23. Rf2 Nxf3+ 24. Kf1 Rxf2+ 25. Kxf2 Nxh2+ 26. Kg2 Nxg4 27. Nxb7 Rb8 28. Na5 Ne5 29. Bd6 Ra8 30. c5 Nd3 31. Rc4 Nxb4 32. Rxb4 Bc3 33. Rb3 Bxa5 34. Ra3 Kf7 35. c6 Rc8 36. Rxa5 Rxc6 37. Bf4 1/2-1/2